 Dungeon Crawl Stone Soup version 0.22-a0-430-g6609fc6 (webtiles) character file.

3290 MisterFreud the Martial Artist (level 10, 0/58 HPs)
             Began as an Octopode Transmuter on May 26, 2018.
             Was an Initiate of Cheibriados.
             Slain by a hippogriff (2 damage)
             ... on level 8 of the Dungeon.
             The game lasted 00:16:19 (8468 turns).

MisterFreud the Martial Artist (OpTm)               Turns: 8468, Time: 00:16:21

Health: 0/58       AC:  3    Str: 10    XL:     10   Next: 1%
Magic:  10/16      EV: 13    Int: 20    God:    Cheibriados [......]
Gold:   189        SH:  0    Dex: 14    Spells: 2/17 levels left

rFire    . . .     SeeInvis .     - Unarmed
rCold    . . .     Gourm    .   (shield currently unavailable)
rNeg     + . .     Faith    .   g - +2 hat
rPois    .         Spirit   .   (no amulet)
rElec    .         Reflect  .   (no ring)
rCorr    .         Harm     .   k - ring of positive energy
MR       .....                  (no ring)
Stlth    ++........             (no ring)
HPRegen  0.19/turn              (no ring)
MPRegen  0.15/turn              (no ring)
                                (no ring)
                                (no ring)

@: blade tentacles (expiring), very slow
A: almost no armour, stealthy swim, amphibious, 8 rings, constrict 8, camouflage
1, gelatinous body 1
a: End Transformation, Bend Time, Renounce Religion


You were on level 8 of the Dungeon.
You worshipped Cheibriados.
Cheibriados was noncommittal.
You were not hungry.
You had blades for tentacles.
You visited 2 branches of the dungeon, and saw 9 of its levels.

You collected 381 gold pieces.
You spent 192 gold pieces at shops.

Inventory:

Missiles
 a - 157 arrows
 d - 235 stones (quivered)
 l - 51 bolts
 n - 2 throwing nets
 q - 13 poisoned needles
 s - 5 tomahawks
 v - 3 needles of confusion
 w - 40 sling bullets
Armour
 g - a +2 hat (worn)
 E - a +0 buckler (melded)
Jewellery
 k - a ring of positive energy (right scythe-like blade)
Wands
 y - a wand of enslavement (9)
Scrolls
 b - 2 scrolls of immolation
 e - 5 scrolls of teleportation
 h - a scroll of enchant armour {unknown}
 m - 5 scrolls of remove curse
 o - a scroll of fog {unknown}
 r - 3 scrolls of amnesia {unknown}
 x - a scroll of blinking {unknown}
 B - a scroll of enchant weapon {unknown}
 D - 2 scrolls of identify
 F - a scroll of random uselessness {unknown}
Potions
 f - 5 potions of curing
 i - a potion of degeneration
 j - a potion of lignification
 p - a potion of cancellation {unknown}
 t - 2 potions of agility {unknown}
 u - a potion of brilliance {unknown}
 z - a potion of mutation {unknown}
 A - a potion of berserk rage
 C - a potion of heal wounds
Comestibles
 c - 17 rations


   Skills:
 - Level 1.0 Fighting
 * Level 2.0 Dodging
 - Level 4.3 Shields
 + Level 10.1 Unarmed Combat
 - Level 4.1 Spellcasting
 - Level 8.0 Transmutations


You had 2 spell levels left.
You knew the following spells:

 Your Spells              Type           Power        Failure   Level  Hunger
a - Beastly Appendage     Tmut           #####.       12%         1    None
b - Sticks to Snakes      Tmut           #####...     13%         2    #......
c - Spider Form           Tmut/Pois      ###.......   41%         3    ###....
d - Blade Hands           Tmut           #####.....   52%         5    ######.
e - Ice Form              Ice/Tmut       ###.....     67%         4    ####...

Your spell library contained the following spells:

 Spells                   Type           Power        Failure   Level  Hunger
 Animate Dead             Necr           N/A          97%         4    ####...
 Pain                     Necr           #...         52%         1    None
 Animate Skeleton         Necr           N/A          52%         1    None
 Vampiric Draining        Necr           #.........   78%         3    ###....
 Regeneration             Chrm/Necr      #.........   78%         3    ###....


Dungeon Overview and Level Annotations

Branches:
Dungeon (8/15)             Temple (1/1) D:7
   Lair: D:8-11

Altars:
Ashenzari
Cheibriados
Dithmenos
Elyvilon
Fedhas
Gozag
Hepliaklqana
Kikubaaqudgha
Makhleb
Okawaru
Ru
Trog
Uskayaw
Vehumet
Xom

Shops:
D:5 [   D:8 }


Innate Abilities, Weirdness & Mutations

You cannot wear most types of armour.
You are very stealthy in the water. (Stealth+)
You are amphibious.
You can wear up to eight rings at the same time.
You can use your tentacles to constrict eight enemies at once.
Your skin changes colour to match your surroundings (Stealth+).
Your rubbery body absorbs attacks. (AC +1, EV +1)


Message History

The hippogriff is heavily wounded.
The hippogriff bites you. The hippogriff pecks you. The hippogriff claws you!
You are too injured to fight recklessly!
Casting: Blade Hands (slightly dangerous; 13% risk of failure)
Confirm with . or Enter, or press ? or * to list all spells.
Your tentacles turn into razor-sharp scythe blades.
Your +0 buckler melds into your body.
You are starving!
The hippogriff bites you.
* * * LOW HITPOINT WARNING * * *
The hippogriff pecks you.
* * * LOW HITPOINT WARNING * * *
The hippogriff barely misses you.
You eat one of the 18 rations.
That ration really hit the spot!
The hippogriff bites you.
* * * LOW HITPOINT WARNING * * *
The hippogriff pecks you.
* * * LOW HITPOINT WARNING * * *
The hippogriff claws you.
You die...

#.# #..#' ..#$ #.# #....
#.#. #.# #...† #.#.
###'###.... ...
#.....+.... #..
#..)..#.... . #..
#.....#.... ..###.H##
#....##.... .......@####
#.......... ...........#
#.....#.... ......>....#
#####.#.... .......(...#
##.#....
...........######.......
...........†....'.......
...........######.......
...........# #.......
...........# #.......


You could see a hippogriff.

Vanquished Creatures
  Erica (D:8)
  A spriggan (D:7)
  Eustachio (D:5)
  A black bear (D:8)
  3 sky beasts
  2 phantoms
  An ogre (D:6)
  Blork the orc (D:5)
  A big kobold (D:7)
  4 bullfrogs
  3 scorpions
  2 killer bees (D:8)
  3 wights (D:7)
  3 howler monkeys
  A hound (D:5)
  A jelly (D:5)
  3 orc priests
  Crazy Yiuf (D:6)
  A centaur skeleton (D:4)
  6 orc wizards
  6 worker ants
  2 hound zombies
  A howler monkey zombie (D:7)
  11 gnolls
  5 adders
  An ooze (D:5)
  2 adder skeletons (D:4)
  5 worms
  3 dart slugs
  4 leopard geckos
  17 orcs
  5 giant cockroaches
  9 goblins
  8 hobgoblins
  9 jackals
  A quokka (D:5)
  2 ball pythons
  4 bats
  8 frilled lizards
  7 kobolds
  4 rats (D:2)
154 creatures vanquished.

Vanquished Creatures (others)
  A worm (D:4)
1 creature vanquished.

Grand Total: 155 creatures vanquished

Notes
Turn   | Place    | Note
-------+----------+-------------------------------------------
     0 | D:1      | MisterFreud the Octopode Transmuter began the quest for the Orb.
     0 | D:1      | Reached XP level 1. HP: 13/13 MP: 3/3
     3 | D:1      | Noticed an electric eel
     3 | D:1      | Noticed an electric eel
    42 | D:1      | Reached XP level 2. HP: 18/18 MP: 5/5
    57 | D:1      | Learned a level 2 spell: Sticks to Snakes
   359 | D:1      | Reached skill level 4 in Unarmed Combat
   480 | D:1      | Reached XP level 3. HP: 23/23 MP: 6/6
   485 | D:1      | Learned a level 3 spell: Spider Form
  1016 | D:2      | Reached XP level 4. HP: 19/28 MP: 7/7
  1152 | D:2      | Reached skill level 5 in Unarmed Combat
  1565 | D:2      | Found a burning altar of Makhleb.
  1767 | D:2      | Noticed a green death
  1770 | D:2      | Noticed an orange demon
  1770 | D:2      | Noticed a hellwing
  1986 | D:2      | Reached XP level 5. HP: 12/33 MP: 5/8
  3098 | D:3      | Reached skill level 6 in Unarmed Combat
  3223 | D:3      | Found a sacrificial altar of Ru.
  3233 | D:3      | Found a hazy altar of Hepliaklqana.
  3235 | D:3      | Found a shadowy altar of Dithmenos.
  3235 | D:3      | Found a shattered altar of Ashenzari.
  3238 | D:3      | Found a hide-covered altar of Uskayaw.
  3239 | D:3      | Found a radiant altar of Vehumet.
  3240 | D:3      | Found an opulent altar of Gozag.
  3241 | D:3      | Found an iron altar of Okawaru.
  3292 | D:4      | Found a bloodstained altar of Trog.
  3313 | D:4      | Reached XP level 6. HP: 16/38 MP: 9/9
  4160 | D:4      | Reached XP level 7. HP: 43/43 MP: 12/12
  4393 | D:5      | Entered Level 5 of the Dungeon
  4485 | D:5      | Noticed Eustachio
  4508 | D:5      | Killed Eustachio
  4860 | D:5      | Reached skill level 5 in Transmutations
  5619 | D:5      | Reached XP level 8. HP: 12/48 MP: 14/14
  6024 | D:5      | Learned a level 5 spell: Blade Hands
  6029 | D:5      | Learned a level 4 spell: Ice Form
  6106 | D:5      | Found Ceheur's Armour Emporium.
  6138 | D:5      | Noticed Blork the orc
  6142 | D:5      | Killed Blork the orc
  6163 | D:5      | Bought a +2 hat for 192 gold pieces
  6781 | D:6      | Found a blossoming altar of Fedhas.
  6789 | D:6      | Reached skill level 7 in Unarmed Combat
  7082 | D:6      | Found a runed door.
  7313 | D:6      | Noticed Crazy Yiuf
  7316 | D:6      | Killed Crazy Yiuf
  7400 | D:7      | Found a staircase to the Ecumenical Temple.
  7442 | D:7      | Reached skill level 8 in Unarmed Combat
  7470 | D:7      | Reached XP level 9. HP: 45/53 MP: 13/15
  7501 | Temple   | Entered the Ecumenical Temple
  7547 | Temple   | Became a worshipper of Cheibriados the Contemplative
  7849 | D:7      | Reached skill level 9 in Unarmed Combat
  8180 | D:8      | Found Jedischa's Gadget Shop.
  8189 | D:8      | Reached skill level 1 in Shields
  8212 | D:8      | Noticed Erica
  8220 | D:8      | Killed Erica
  8220 | D:8      | Reached skill level 10 in Unarmed Combat
  8457 | D:8      | Reached XP level 10. HP: 56/58 MP: 13/16
  8468 | D:8      | HP: 2/58 [hippogriff (5)]
  8468 | D:8      | Slain by a hippogriff

Vault maps used:
D:1:      arrival_aquarium_b
D:2:      makhleb_altar_promises_db
D:3:      minitemple
D:4:      bloody_trog, first_ration, lemuel_flame_loot_1
D:5:      serial_shops, kennysheep_mini, uniq_blork_the_orc, uniq_eustachio
D:6:      nicolae_overflow_crystal_walls, kennysheep_generic_room_6,
          uniq_crazy_yiuf_cottage
D:7:      minmay_temple_entry_statues_fountains, the_bakery,
          minmay_misc_feat_pillars
D:8:      lemuel_zombie_altar_yredelemnul, serial_shops,
          nicolae_shop_behind_doors, grunt_qazlal_clouds, uniq_erica
Temple:   dpeg_chambers_temple

Skill      XL: |  1  2  3  4  5  6  7  8  9 |
---------------+----------------------------+-----
Unarmed Combat | 4 5 6 8 10 | 10.1
Transmutations | 3 6 7 8 |  8.0
Spellcasting   | 3 4 |  4.1
Shields        | 4 |  4.3
Fighting       | |  1.0
Dodging        | |  2.0

Action                   |  1- 3 |  4- 6 |  7- 9 | 10-12 || total
-------------------------+-------+-------+-------+-------++-------
Melee: Unarmed           |    73 |   170 |   243 |     4 ||   490
       Constrict         |    24 |    39 |    40 |       ||   103
       Tentacles         |    13 |    26 |    36 |       ||    75
       Punch             |     1 |    10 |    10 |     1 ||    22
Throw: Stone             |     1 |     1 |       |       ||     2
 Cast: Spider Form       |       |     3 |     3 |       ||     6
       Blade Hands       |       |       |     7 |     1 ||     8
  Use: Potion            |       |     1 |     2 |       ||     3
       Scroll            |       |     1 |     5 |       ||     6
 Stab: Sleeping          |     5 |     2 |     5 |       ||    12
       Distracted        |       |       |     3 |       ||     3
  Eat: Chunk             |       |     7 |    16 |       ||    23
       Ration            |       |     1 |       |     1 ||     2
Armor: Skin              |     2 |    17 |    19 |       ||    38
Dodge: Dodged            |    35 |    89 |   110 |     5 ||   239
Block: Buckler           |       |       |     1 |       ||     1

Table legend:
 A = Spawn XP
 B = Non-spawn XP
 C = Spawn XP percentage of total XP
 D = Spawn monster count
 E = Non-spawn monster count
 F = Spawn count percentage of total count
 G = Total turns spent on level
                    A         B        C        D         E        F      G
               +---------+---------+-------+---------+---------+-------+---------
         Total |       0 |    4700 |   0.0 |       0 |     154 |   0.0 |  8468
               +---------+---------+-------+---------+---------+-------+---------
           D:1 |       0 |      43 |   0.0 |       0 |      23 |   0.0 |   923
           D:2 |       0 |     150 |   0.0 |       0 |      31 |   0.0 |  1596
           D:3 |       0 |      82 |   0.0 |       0 |      20 |   0.0 |  1056
           D:4 |       0 |     381 |   0.0 |       0 |      17 |   0.0 |   818
           D:5 |       0 |     821 |   0.0 |       0 |      20 |   0.0 |  2076
           D:6 |       0 |     648 |   0.0 |       0 |      16 |   0.0 |   914
           D:7 |       0 |    1007 |   0.0 |       0 |      19 |   0.0 |   641
           D:8 |       0 |    1568 |   0.0 |       0 |       8 |   0.0 |   369
               +---------+---------+-------+---------+---------+-------+---------
